 Dungeon Crawl Stone Soup version 0.23.2-40-g277498a001 (webtiles) character file.

Game seed: 17019196648607130338

49087 AlwaysDiet the Destroyer (level 14, -9/193 HPs)
             Began as a Black Draconian Conjurer on Aug 14, 2019.
             Was a High Priest of Vehumet.
             Mangled by a tyrant leech (30 damage)
             ... on level 5 of the Lair of Beasts.
             The game lasted 00:53:09 (27397 turns).

AlwaysDiet the Destroyer (DrCj)                    Turns: 27397, Time: 00:53:09

Health: -9/193     AC: 27    Str: 17    XL:     14   Next: 14%
Magic:  3/29       EV:  2    Int: 22    God:    Vehumet [*****.]
Gold:   1383       SH:  0    Dex: 13    Spells: 10/36 levels left

rFire    . . .     SeeInvis .   P - +4 dagger (venom)
rCold    + . .     Gourm    .   (no shield)
rNeg     + + +     Faith    .   (armour unavailable)
rPois    +         Spirit   .   (helmet currently unavailable)
rElec    +         Reflect  .   (cloak currently unavailable)
rCorr    .         Harm     .   (gloves currently unavailable)
MR       +....     NoTele   +   (boots currently unavailable)
Stlth    ++........             p - amulet of the acrobat
HPRegen  0.42/turn              I - ring "Ulleim" {rElec rC+ Str+4 Dex+2}
MPRegen  0.21/turn              K - +3 ring of intelligence

@: tree-form
A: (breathe lightning), unfitting armour, AC +8
a: Renounce Religion


You were on level 5 of the Lair of Beasts.
You worshipped Vehumet.
Vehumet was extremely pleased with you.
You were very hungry.
You were a tree.
You visited 3 branches of the dungeon, and saw 18 of its levels.
You also visited: Gauntlet.

You collected 1383 gold pieces.

Inventory:

Hand Weapons
 C - the +3 rapier "Nehas" {holy, rC+ rN++}
   (You took it off a minotaur in a Gauntlet)

   It has been blessed by the Shining One to cause great damage to the undead
   and demons.
   It protects you from cold.
   It greatly protects you from negative energy.
 P - a +4 dagger of venom (weapon)
Missiles
 m - 19 poisoned javelins (quivered)
Armour
 h - a +1 pair of gloves (melded)
 l - a +2 pair of boots (melded)
 H - a +0 cloak (melded)
Magical Staves
 F - an uncursed staff of air
Jewellery
 p - an amulet of the acrobat (around neck)
 B - an uncursed ring of ice
 G - an uncursed ring of positive energy {unknown}
 I - the ring "Ulleim" (left branch) {rElec rC+ Str+4 Dex+2}
   (You found it on level 10 of the Dungeon)

   [ring of protection from cold]

   It affects your strength (+4).
   It affects your dexterity (+2).
   It protects you from cold.
   It insulates you from electricity.
 K - a +3 ring of intelligence (right branch)
Wands
 a - a wand of polymorph (10)
 d - a wand of random effects (39)
 u - a wand of iceblast (10)
 y - a wand of paralysis (10)
Scrolls
 g - 18 scrolls of remove curse
 j - 2 scrolls of vulnerability {unknown}
 n - 2 scrolls of teleportation
 o - 3 scrolls of fear
 r - 6 scrolls of enchant armour
 s - a scroll of fog
 v - 3 scrolls of amnesia
 E - a scroll of magic mapping {unknown}
 J - a scroll of enchant weapon
 O - 2 scrolls of identify
 Q - a scroll of holy word
Potions
 c - a potion of mutation {unknown}
 e - 2 potions of agility {unknown}
 f - 3 potions of brilliance
 i - 4 potions of might {unknown}
 k - 3 potions of flight {unknown}
 q - a potion of heal wounds
 t - 5 potions of curing
 x - 2 potions of haste
 z - a potion of lignification
 A - 3 potions of berserk rage {unknown}
 D - a potion of cancellation {unknown}
 N - a potion of ambrosia {unknown}
Miscellaneous
 L - a lamp of fire (inert)
 M - a lightning rod (inert)
Comestibles
 b - 32 rations


   Skills:
 + Level 13.2 Fighting
 + Level 9.6 Dodging
 - Level 1.7 Stealth
 + Level 11.6 Spellcasting
 + Level 14.5 Conjurations
 + Level 1.4 Air Magic


You had 10 spell levels left.
You knew the following spells:

 Your Spells              Type           Power        Failure   Level  Hunger
a - Magic Dart            Conj           ####         0%          1    None
b - Sticky Flame          Conj/Fire      #####...     1%          4    None
c - Fulminant Prism       Conj/Hex       #####.....   1%          4    None
d - Iskenderun's Mystic   Conj           ######..     1%          4    None
e - Mephitic Cloud        Conj/Pois/Air  #####...     1%          3    None
f - Dazzling Spray        Conj/Hex       #####.       1%          3    None
g - Airstrike             Air            ###.......   8%          4    None
h - Regeneration          Chrm/Necr      ##........   16%         3    None

Your spell library contained the following spells:

 Spells                   Type           Power        Failure   Level  Hunger
 Ozocubu's Refrigeration  Ice            ##........   86%         6    #####..
 Searing Ray              Conj           ######       0%          2    None
 Force Lance              Conj/Tloc      #####...     1%          4    None
 Animate Skeleton         Necr           N/A          5%          1    None
 Apportation              Tloc           ##....       5%          1    None
 Confusing Touch          Hex            ##....       5%          1    None
 Infusion                 Chrm           ##..         5%          1    None
 Summon Small Mammal      Summ           ##..         5%          1    None
 Shroud of Golubria       Chrm/Tloc      ##........   8%          2    None
 Song of Slaying          Chrm           ##......     8%          2    None
 Spectral Weapon          Hex/Chrm       ##......     16%         3    None
 Controlled Blink         Tloc           N/A          100%        8    #######
 Discord                  Hex            ##........   100%        8    #######


Dungeon Overview and Level Annotations

Branches:
Dungeon (12/15)            Temple (1/1) D:6            Lair (5/6) D:10
  Swamp (0/4) Lair:3        Snake (0/4) Lair:4          Orc (0/2) D:11
  Slime: Lair:5-6

Altars:
Ashenzari
Cheibriados
Dithmenos
Elyvilon
Fedhas
Gozag
Hepliaklqana
Kikubaaqudgha
Makhleb
Nemelex Xobeh
Okawaru
Qazlal
Ru
Sif Muna
Trog
Uskayaw
Vehumet
Wu Jian
Xom
Yredelemnul
Zin
The Shining One

Shops:
D:9 (

Annotations:
D:8 1 runed translucent door
D:9 1 runed translucent door
Lair:2 1 runed translucent door, jf82's ghost, journeyman MiBe
Lair:4 2 transporters, kalagan's ghost, journeyman DESu


Innate Abilities, Weirdness & Mutations

((You can breathe wild blasts of lightning.))
((Your glossy black scales are hard. (AC +8)))
You cannot fit into any form of body armour.
((Your large and strong wings let you fly indefinitely.))
((You are resistant to electric shocks. (rElec)))
((You are cold-blooded and may be slowed by cold attacks.))


Message History

Aiming: Iskenderun's Mystic Blast (safe; 1% risk of failure)
Press: ? - help, Shift-Dir - straight line, f/p - tyrant leech
Aim: a tyrant leech (severely wounded, berserk, fast, unusually strong)
The orb of energy hits the tyrant leech!!
The tyrant leech is almost dead.
The orb of energy explodes!
The mystic blast hits the moth of wrath!!
The moth of wrath is severely wounded.
The tyrant leech bites you!
* * * LOW HITPOINT WARNING * * *
The moth of wrath goads something on!
The tyrant leech bites you.
* * * LOW HITPOINT WARNING * * *
Casting: Iskenderun's Mystic Blast (safe; 1% risk of failure)
Confirm with . or Enter, or press ? or * to list all spells.
Aiming: Iskenderun's Mystic Blast (safe; 1% risk of failure)
Press: ? - help, Shift-Dir - straight line, f/p - tyrant leech
Aim: a tyrant leech (almost dead, berserk, fast, unusually strong)
The orb of energy misses the tyrant leech.
The tyrant leech bites you!!
You die...

#.###.#P..≈≈## .
..........≈≈# ≈.
..........≈≈## ≈≈.
..........≈≈≈#######y≈≈.
.........(.≈≈≈≈≈≈≈≈≈≈≈..
...<.........≈≈≈††≈≈....
.................w......
.#..P###.#P.#..w##P..##.
#.#### #########♣# ###
## ###


You could see a tyrant leech (berserk).

Vanquished Creatures
  2 entropy weavers (Lair:4)
  A minotaur (Gauntlet)
  Josephine (Lair:4)
  Snorg (D:11)
  Harold (D:8)
  3 hydras
  2 two-headed ogres
  A queen ant (Lair:4)
  Nergalle (Lair:1)
  2 sixfirhies (Gauntlet)
  An unseen horror (D:10)
  A lindwurm (Lair:1)
  2 glowing orange brains (Gauntlet)
  A manticore (D:10)
  2 ugly things
  An oklob plant (Lair:5)
  6 elephants
  A cyclops (D:11)
  Joseph (D:8)
  A centaur zombie (D:11)
  A gargoyle (D:11)
  4 black mambas
  4 spiny frogs
  4 komodo dragons
  4 rime drakes
  A hornet (D:9)
  2 polar bears
  A queen bee (Lair:3)
  9 tyrant leeches
  A troll (D:10)
  5 slime creatures
  4 blink frogs (Lair:2)
  3 hippogriffs
  7 dream sheep (Lair:4)
  36 yaks
  2 shadows
  4 wraiths
  4 wyverns
  A spriggan (D:8)
  4 basilisks
  A steam dragon (D:10)
  A hungry ghost (D:10)
  5 swamp worms
  2 wargs (D:10)
  24 soldier ants (Lair:4)
  8 water moccasins
  7 porcupines
  An ice beast (D:11)
  4 orc warriors
  4 sky beasts
  An eye of draining (D:9)
  A necrophage (D:10)
  2 black bears (D:9)
  6 ogres
  A phantom (D:11)
  4 wolves (Lair:4)
  4 centaurs
  8 crocodiles
  Blork the orc (D:4)
  8 bullfrogs
  A big kobold (D:9)
  2 wyvern skeletons
  3 scorpions
  49 killer bees
  8 electric eels
  2 howler monkeys (D:9)
  5 crimson imps
  2 bullfrog zombies
  4 jellies
  A bullfrog skeleton (D:7)
  6 orc priests
  4 hounds
  4 orc wizards
  36 worker ants
  2 iguanas
  A killer bee zombie (D:6)
  A hound zombie (D:9)
  3 hound skeletons
  4 gnolls (D:9)
  8 adders
  2 shadow imps
  An ooze (D:2)
  2 adder skeletons
  A worm (D:2)
  A dart slug (D:2)
  8 leopard geckos
  38 orcs
  8 giant cockroaches
  11 goblins
  7 hobgoblins
  6 jackals (D:2)
  19 kobolds
  5 quokkas
  3 ball pythons
  7 bats
  6 frilled lizards
  A jackal zombie (D:7)
  A quokka skeleton (D:4)
  8 rats
  2 butterflies (D:8)
  2 plants
511 creatures vanquished.

Vanquished Creatures (collateral kills)
  A spiny frog (Lair:1)
1 creature vanquished.

Vanquished Creatures (others)
  A wyvern skeleton (D:12)
  An electric eel (D:12)
  29 fulminant prisms
  12 fungi
  9 plants
  13 toadstools
  16 withered plants
81 creatures vanquished.

Grand Total: 593 creatures vanquished

Notes
Turn   | Place    | Note
-------+----------+-------------------------------------------
     0 | D:1      | AlwaysDiet the Draconian Conjurer began the quest for the
                  | Orb.
     0 | D:1      | Reached XP level 1. HP: 14/14 MP: 3/3
   268 | D:1      | Reached XP level 2. HP: 21/22 MP: 0/5
   715 | D:1      | Reached skill level 1 in Fighting
  1031 | D:2      | Reached XP level 3. HP: 28/28 MP: 2/6
  1770 | D:2      | Reached XP level 4. HP: 36/36 MP: 1/7
  2027 | D:2      | Learned a level 3 spell: Dazzling Spray
  2032 | D:2      | Learned a level 4 spell: Iskenderun's Mystic Blast
  2317 | D:3      | Reached skill level 5 in Conjurations
  2744 | D:3      | Found a white marble altar of Elyvilon.
  2744 | D:3      | Found an ornate altar of the Wu Jian Council.
  3090 | D:4      | Found a hazy altar of Hepliaklqana.
  3091 | D:4      | Found a bloodstained altar of Trog.
  3149 | D:4      | Noticed an ogre
  3152 | D:4      | Reached XP level 5. HP: 39/41 MP: 2/9
  3336 | D:4      | Noticed an ogre
  3349 | D:4      | Killed an ogre
  3679 | D:4      | Reached XP level 6. HP: 51/51 MP: 4/11
  3740 | D:4      | Noticed Blork the orc
  3988 | D:4      | Reached skill level 6 in Conjurations
  4102 | D:4      | Killed Blork the orc
  4503 | D:4      | Found a blossoming altar of Fedhas.
  4587 | D:4      | Your scales start taking on a glossy black colour.
  4587 | D:4      | Reached XP level 7. HP: 57/58 MP: 5/12
  4587 | D:4      | Gained mutation: You are resistant to electric shocks.
                  | (rElec) [Black Draconian growth]
  5089 | D:5      | Entered Level 5 of the Dungeon
  5304 | D:5      | Reached skill level 7 in Conjurations
  5514 | D:5      | Found a stormy altar of Qazlal.
  5537 | D:5      | Found a shadowy altar of Dithmenos.
  5538 | D:5      | Found an opulent altar of Gozag.
  6085 | D:6      | Found a staircase to the Ecumenical Temple.
  6123 | Temple   | Entered the Ecumenical Temple
  6217 | Temple   | Became a worshipper of Vehumet
  6595 | D:6      | Found a glowing golden altar of the Shining One.
  6595 | D:6      | Found a hide-covered altar of Uskayaw.
  6854 | D:7      | Reached XP level 8. HP: 64/67 MP: 4/14
  7034 | D:7      | Reached skill level 5 in Fighting
  7034 | D:7      | Reached skill level 8 in Conjurations
  7135 | D:7      | Found a shattered altar of Ashenzari.
  7187 | D:7      | Reached * piety under Vehumet
  7187 | D:7      | Offered knowledge of Sting by Vehumet.
  7206 | D:7      | Noticed a two-headed ogre
  7281 | D:6      | Killed a two-headed ogre
  7281 | D:6      | Reached skill level 5 in Spellcasting
  7281 | D:6      | Reached skill level 9 in Conjurations
  7884 | D:8      | Noticed Harold
  7905 | D:8      | Killed Harold
  7905 | D:8      | Reached XP level 9. HP: 68/78 MP: 0/18
  8120 | D:8      | Noticed Joseph
  8124 | D:8      | Reached skill level 10 in Conjurations
  8131 | D:8      | Killed Joseph
  8434 | D:8      | Found a runed translucent door.
  8444 | D:8      | Found a runed translucent door.
  9005 | D:8      | Learned a level 4 spell: Fulminant Prism
  9157 | D:9      | Reached XP level 10. HP: 71/88 MP: 1/20
  9165 | D:8      | Reached skill level 11 in Conjurations
  9530 | D:9      | Offered knowledge of Freeze by Vehumet.
  9533 | D:9      | Reached ** piety under Vehumet
  9994 | D:9      | Found a glowing silver altar of Zin.
  9994 | D:9      | Noticed an angel
 10002 | D:9      | Found a runed translucent door.
 10111 | D:9      | Found Ymocur's Antique Weapon Emporium.
 10857 | D:10     | Entered Level 10 of the Dungeon
 11195 | D:10     | Noticed a manticore
 11292 | D:10     | Killed a manticore
 11432 | D:10     | Offered knowledge of Throw Frost by Vehumet.
 12291 | D:10     | Reached XP level 11. HP: 97/97 MP: 10/23
 12450 | D:10     | Reached *** piety under Vehumet
 12891 | D:10     | Killed an unseen horror
 12891 | D:10     | Reached skill level 12 in Conjurations
 13202 | D:10     | Found a staircase to the Lair.
 13385 | D:10     | Got a warped marble ring
 13398 | D:10     | Identified the ring "Ulleim" {rElec rC+ Str+4 Dex+2} (You
                  | found it on level 10 of the Dungeon)
 13553 | D:11     | Offered knowledge of Mephitic Cloud by Vehumet.
 13636 | D:11     | Noticed a green ugly thing
 13651 | D:11     | Killed a green ugly thing
 13790 | D:11     | Noticed Snorg
 14031 | D:11     | Reached skill level 5 in Dodging
 14508 | D:11     | Killed Snorg
 14508 | D:11     | Reached skill level 10 in Fighting
 15160 | D:11     | Noticed a two-headed ogre
 15167 | D:11     | Killed a two-headed ogre
 15348 | D:11     | Found a staircase to the Orcish Mines.
 16065 | D:12     | Reached **** piety under Vehumet
 16460 | Lair:1   | Entered Level 1 of the Lair of Beasts
 16507 | Lair:1   | Noticed a six-headed hydra
 16522 | Lair:1   | Reached XP level 12. HP: 103/108 MP: 4/25
 16523 | Lair:1   | Killed a six-headed hydra
 16790 | Lair:1   | Found a gate leading to a gauntlet.
 16799 | Gauntlet | Entered a Gauntlet
 16799 | Gauntlet | Found a large runed translucent door.
 16799 | Gauntlet | Found a large runed translucent door.
 16799 | Gauntlet | Found a large runed translucent door.
 16799 | Gauntlet | Found a large runed translucent door.
 16799 | Gauntlet | Found a runed translucent door.
 16799 | Gauntlet | Found a large runed translucent door.
 16799 | Gauntlet | Found a large runed translucent door.
 16799 | Gauntlet | Found a transporter.
 16799 | Gauntlet | Found a transporter.
 16799 | Gauntlet | Found a large runed translucent door.
 16799 | Gauntlet | Found a large runed translucent door.
 16799 | Gauntlet | Found a runed translucent gate.
 16799 | Gauntlet | Found a runed translucent gate.
 16799 | Gauntlet | Found a transporter.
 16799 | Gauntlet | Noticed a queen ant
 16801 | Gauntlet | Found a transporter.
 16804 | Gauntlet | Found a transporter.
 16804 | Gauntlet | Found a transporter.
 16814 | Gauntlet | Found a transporter.
 16818 | Gauntlet | Found a transporter.
 16830 | Gauntlet | Found a transporter.
 16901 | Gauntlet | Found a runed translucent door.
 16902 | Gauntlet | Found a large runed translucent door.
 16902 | Gauntlet | Found a large runed translucent door.
 16902 | Gauntlet | Found a large runed translucent door.
 16902 | Gauntlet | Found a large runed translucent door.
 16903 | Gauntlet | Found a large runed translucent door.
 16903 | Gauntlet | Found a large runed translucent door.
 16904 | Gauntlet | Found a large runed translucent door.
 16904 | Gauntlet | Found a large runed translucent door.
 16913 | Gauntlet | Found a runed translucent gate.
 16933 | Gauntlet | Found a transporter.
 16933 | Gauntlet | Found a transporter.
 16945 | Gauntlet | Noticed a dire elephant
 17129 | Gauntlet | Identified The Lost Volume of the Archmage
 17135 | Gauntlet | Learned a level 3 spell: Mephitic Cloud
 17326 | Gauntlet | Offered knowledge of Sticky Flame by Vehumet.
 17330 | Gauntlet | Reached skill level 13 in Conjurations
 17376 | Gauntlet | Got a heavily runed glass ring
 17383 | Gauntlet | Identified the ring of Umpasm {rElec rC+ MR- Str+2 Stlth+}
                  | (You found it in a Gauntlet)
 17606 | Gauntlet | Identified the +3 rapier "Nehas" {holy, rC+ rN++}
 17606 | Gauntlet | Noticed a minotaur
 17620 | Gauntlet | Killed a minotaur
 17666 | Gauntlet | Found a transporter.
 18081 | Lair:1   | Noticed Nergalle
 18088 | Lair:1   | Killed Nergalle
 18088 | Lair:1   | Reached skill level 10 in Spellcasting
 18153 | Lair:1   | Noticed a six-headed hydra
 18480 | D:10     | Learned a level 4 spell: Sticky Flame
 18521 | Lair:1   | Killed a six-headed hydra
 18844 | Lair:1   | Noticed a dire elephant
 18865 | Lair:1   | Found a runed translucent door.
 19704 | Lair:2   | Found a runed translucent door.
 20348 | Lair:2   | Noticed jf82's ghost (journeyman MiBe)
 21400 | Lair:3   | Reached XP level 13. HP: 117/117 MP: 11/27
 21580 | Lair:3   | Reached ***** piety under Vehumet
 21589 | Lair:3   | Offered knowledge of Airstrike by Vehumet.
 22268 | Lair:3   | You fall through a shaft!
 22268 | Lair:4   | Found a transporter.
 22269 | Lair:4   | Noticed kalagan's ghost (journeyman DESu)
 22278 | Lair:4   | Found a transporter.
 22282 | Lair:4   | Found a staircase to the Snake Pit.
 23394 | Lair:3   | Learned a level 4 spell: Airstrike
 23499 | Lair:3   | Found a staircase to the Swamp.
 23849 | Lair:4   | Noticed an entropy weaver
 23855 | Lair:4   | Killed an entropy weaver
 23855 | Lair:4   | Reached skill level 14 in Conjurations
 24222 | Lair:4   | Offered knowledge of Ozocubu's Refrigeration by Vehumet.
 24355 | Lair:4   | Learned a level 3 spell: Regeneration
 24899 | Lair:4   | Noticed an entropy weaver
 25871 | Lair:4   | Killed an entropy weaver
 26332 | Lair:4   | Noticed Josephine
 26557 | Lair:4   | Gained mutation: Your large and strong wings let you fly
                  | indefinitely. [Black Draconian growth]
 26557 | Lair:4   | Reached XP level 14. HP: 129/129 MP: 19/29
 26569 | Lair:4   | Killed Josephine
 27382 | Lair:5   | Reached skill level 1 in Air Magic
 27397 | Lair:5   | Mangled by a tyrant leech

Skill      XL: |  1  2  3  4  5  6  7  8  9 10 11 12 13 14 |
---------------+-------------------------------------------+-----
Fighting       | 1 2 3 4 6 7 9 10 11 13 | 13.2
Conjurations   | 5 6 7 9 10 11 12 13 14 | 14.5
Spellcasting   | 3 4 6 8 9 10 11 | 11.6
Dodging        | 4 6 7 9 |  9.6
Air Magic      | 1 |  1.4
Stealth        | |  1.7

Action                   |  1- 3 |  4- 6 |  7- 9 | 10-12 | 13-15 || total
-------------------------+-------+-------+-------+-------+-------++-------
Melee: Dagger            |    19 |    35 |   190 |   252 |   273 ||   769
       Tailslap          |     2 |     6 |    24 |    37 |    40 ||   109
Throw: Javelin           |       |     2 |       |       |       ||     2
 Cast: Magic Dart        |    77 |   105 |    84 |    82 |     6 ||   354
       Iskenderun's Myst |       |    13 |    43 |   269 |   206 ||   531
       Fulminant Prism   |       |       |       |    23 |     6 ||    29
       Dazzling Spray    |       |       |       |     6 |       ||     6
       Mephitic Cloud    |       |       |       |     1 |       ||     1
       Sticky Flame      |       |       |       |     1 |       ||     1
 Abil: Breathe Lightning |       |       |     9 |    22 |    14 ||    45
       Fly               |       |       |       |       |     1 ||     1
Evoke: Wand              |       |       |       |     8 |     6 ||    14
       Lightning rod     |       |       |       |       |     5 ||     5
       Lamp of fire      |       |       |       |       |     1 ||     1
  Use: Scroll            |       |     1 |     7 |    14 |     2 ||    24
       Potion            |       |     2 |     2 |     1 |     3 ||     8
 Stab: Sleeping          |       |       |     6 |       |       ||     6
       Paralysed         |       |       |       |    15 |    12 ||    27
  Eat: Chunk             |     3 |     7 |    15 |    24 |    12 ||    61
       Ration            |       |     2 |     2 |    11 |     3 ||    18
Armor: Skin              |     9 |    19 |    67 |   153 |   139 ||   387
Dodge: Dodged            |    20 |    43 |   164 |   366 |   352 ||   945
